Map: Solaris LE

Players

ByuN - Winner!

  • Race: Terran Terran
  • Spawn Location: 1:00

MaxPax

  • Race: Protoss Protoss
  • League: Master
  • Spawn Location: 7:00

VOD

Have the link to the VOD?

Description

Time

  • Played on: Nov. 29, 2023, 6:48 a.m.
  • Length: 10:03
Show
View Real Time Build Order
Export as new Build Order

ByuN Terran - Winner!

Build Orders: Banshee Rush 

Get SALT Encoding   

  12  0:00  SCV  
  13  0:12  SCV  
  14  0:17  Supply Depot  
  14  0:24  SCV  
  15  0:39  SCV  
  15  0:40  Barracks  
  16  0:44  Refinery  
  16  0:51  SCV  
  16  0:55  Refinery  
  17  1:03  SCV  
  18  1:15  SCV  
  19  1:28  Reaper, Orbital Command  
  20  1:44  Factory  
  21  1:54  SCV  
  21  1:59  Supply Depot  
  21  2:06  SCV  
  22  2:15  Barracks Reactor  
  22  2:18  SCV  
  22  2:20  Command Center  
  23  2:30  SCV  
  23  2:31  Widow Mine  
  26  2:39  Starport  
  26  2:42  SCV  
  27  2:48  Supply Depot  
  27  2:52  Widow Mine  
  27  2:54  SCV  
  29  2:59  Marine  
  30  3:06  SCV  
  31  3:14  Factory Tech Lab  
  31  3:16  Medivac, Marine  
  31  3:17  Marine  
  31  3:19  SCV  
  36  3:31  SCV  
  36  3:34  Marine  
  38  3:35  Marine  
  38  3:39  Factory Tech Lab  
  39  3:43  SCV  
  40  3:50  Orbital Command  
  40  3:51  Marine  
  40  3:52  Banshee  
  40  3:53  Cloaking Field, Marine  
  40  3:55  SCV  
  46  4:00  Bunker  
  46  4:07  SCV  
  46  4:09  Supply Depot  
  47  4:15  Siege Tank  
  47  4:16  Marine x2  
  52  4:19  SCV  
  52  4:20  SCV  
  54  4:26  Supply Depot  
  54  4:31  SCV  
  55  4:32  SCV  
  55  4:36  Marine x2  
  58  4:43  SCV  
  58  4:44  SCV  
  60  4:45  Banshee  
  61  4:53  Marine  
  61  4:54  Marine  
  61  4:55  SCV  
  61  4:56  Siege Tank, SCV  
  61  4:59  Barracks  
  66  5:02  Supply Depot  
  66  5:06  Refinery  
  66  5:07  SCV  
  66  5:08  SCV  
  66  5:12  Marine x2  
  70  5:20  Engineering Bay  
  70  5:23  SCV x2  
  71  5:30  Marine x2  
  71  5:31  Siege Tank  
  76  5:35  SCV x2  
  73  5:47  Marine  
  73  5:48  SCV x2, Marine  
  71  6:00  SCV x2  
  71  6:03  Marine  
  74  6:04  Barracks  
  74  6:05  Marine  
  74  6:09  Supply Depot  
  74  6:10  Terran Infantry Weapons Level 1  
  72  6:12  Refinery, SCV x2  
  72  6:15  Siege Tank  
  77  6:23  Marauder, Stimpack, Starport Reactor  
  77  6:24  SCV x2  
  78  6:30  Marine x2  
  79  6:33  Supply Depot  
  79  6:36  SCV x2  
  79  6:38  Refinery  
  80  6:44  Missile Turret  
  80  6:45  Marauder  
  79  6:47  Marine  
  79  6:48  Marine  
  74  7:01  Medivac x2  
  74  7:06  Marauder  
  74  7:08  Factory Reactor  
  80  7:09  Marauder, Marine x2  
  80  7:15  Command Center  
  84  7:16  Missile Turret  
  84  7:17  Combat Shield  
  84  7:24  Supply Depot  
  86  7:30  Marine x2  
  86  7:36  Missile Turret  
  88  7:37  Marauder x2  
  90  7:47  SCV x2, Marine  
  90  7:48  Medivac, Marine  
  90  7:50  Barracks x2, Medivac  
  98  7:58  Supply Depot  
  98  7:59  SCV x2, Supply Depot  
  98  8:03  Concussive Shells  
  98  8:04  Marauder  
  98  8:05  Terran Infantry Armor Level 1  
  101  8:07  Marine  
  101  8:12  Marauder, Marine  
  105  8:14  Widow Mine x2  
  105  8:17  SCV  
  105  8:19  SCV  
  111  8:20  Supply Depot  
  111  8:23  Viking x2, Supply Depot  
  115  8:30  Marauder, Marine x2  
  115  8:34  SCV x2, Marauder  
  121  8:35  Missile Turret  
  123  8:43  Barracks Reactor, Supply Depot  
  123  8:44  Barracks Tech Lab  
  123  8:46  SCV x2  
  123  8:47  Orbital Command  
  125  8:51  Marauder  
  125  8:54  Marine x2  
  125  8:55  Marauder  
  130  9:00  Widow Mine x2  
  134  9:03  Marauder  
  134  9:07  Medivac  
  138  9:14  Marauder  
  138  9:15  Marine  
  138  9:16  SCV, Marauder  
  141  9:19  SCV x2  
  141  9:21  Widow Mine x2  
  133  9:24  Marauder  
  133  9:28  Marine  
  126  9:33  Marine x2  
  126  9:36  Marauder  
  126  9:38  Marauder, Marine  
  126  9:44  SCV x2  
Show
View Real Time Build Order
Export as new Build Order

MaxPax Protoss 

Build Orders: 1 Gate Expand, Blink Stalkers 

Get SALT Encoding   

  12  0:00  Probe  
  13  0:12  Probe  
  14  0:18  Pylon  
  14  0:24  Probe  
  15  0:37  Gateway  
  15  0:39  Probe (Chrono Boost)  
  16  0:49  Probe (Chrono Boost)  
  17  0:50  Assimilator  
  17  0:54  Probe (Chrono Boost)  
  18  1:05  Probe  
  19  1:18  Probe  
  20  1:23  Cybernetics Core  
  20  1:35  Nexus  
  20  1:41  Pylon  
  20  1:43  Probe  
  21  1:48  Assimilator  
  21  1:55  Probe  
  21  1:57  Adept (Chrono Boost)  
  24  2:02  Warp Gate  
  24  2:08  Probe  
  25  2:17  Adept (Chrono Boost)  
  25  2:21  Probe  
  28  2:31  Twilight Council  
  28  2:33  Probe  
  29  2:39  Stalker  
  31  2:47  Probe  
  31  2:48  Probe  
  33  2:59  Probe  
  33  3:00  Probe  
  35  3:06  Gateway  
  35  3:09  Blink (Chrono Boost)  
  35  3:10  Probe  
  35  3:11  Probe  
  34  3:18  Probe  
  35  3:23  Probe  
  37  3:27  Probe  
  37  3:28  Robotics Facility  
  38  3:35  Probe  
  38  3:36  Gateway  
  38  3:39  Probe  
  40  3:46  Pylon  
  40  3:48  Pylon  
  40  3:49  Probe  
  40  3:53  Stalker  
  40  3:55  Probe  
  44  4:01  Stalker  
  46  4:09  Pylon  
  46  4:12  Warp Prism (Chrono Boost)  
  48  4:22  Stalker  
  50  4:24  Stalker  
  52  4:40  Nexus  
  50  4:55  Stalker  
  52  5:03  Probe x2  
  54  5:15  Probe x2  
  54  5:16  Assimilator, Stalker x2  
  54  5:18  Stalker  
  62  5:27  Probe x2  
  64  5:31  Observer (Chrono Boost)  
  62  5:39  Probe  
  62  5:42  Probe  
  52  5:50  Stalker x2  
  52  5:52  Probe (Chrono Boost)  
  52  5:56  Probe (Chrono Boost)  
  56  6:00  Probe (Chrono Boost)  
  56  6:02  Probe (Chrono Boost)  
  55  6:06  Probe (Chrono Boost)  
  55  6:07  Probe x2 (Chrono Boost)  
  55  6:08  Stalker  
  58  6:13  Stalker  
  58  6:18  Probe (Chrono Boost)  
  58  6:20  Probe (Chrono Boost)  
  58  6:24  Probe (Chrono Boost)  
  58  6:28  Probe (Chrono Boost)  
  58  6:30  Probe (Chrono Boost)  
  61  6:36  Probe (Chrono Boost)  
  61  6:37  Probe x2 (Chrono Boost)  
  63  6:42  Probe, Stalker x2  
  63  6:43  Stalker  
  63  6:45  Probe  
  71  6:50  Observer  
  67  6:54  Probe  
  67  7:00  Probe  
  70  7:01  Probe  
  70  7:06  Probe  
  71  7:12  Probe  
  71  7:15  Probe  
  72  7:18  Probe (Chrono Boost)  
  72  7:20  Pylon  
  72  7:21  Gateway x2  
  73  7:24  Gateway, Forge  
  73  7:25  Charge  
  73  7:27  Observer, Probe x2 (Chrono Boost)  
  73  7:28  Pylon  
  76  7:31  Probe (Chrono Boost)  
  76  7:34  Sentry, Pylon  
  76  7:35  Sentry  
  83  7:38  Probe (Chrono Boost)  
  83  7:40  Probe x2 (Chrono Boost)  
  84  7:46  Gateway  
  84  7:48  Immortal (Chrono Boost)  
  84  7:49  Gateway  
  88  7:53  Protoss Ground Weapons Level 1 (Chrono Boost)  
  88  7:59  Shield Battery  
  88  8:04  Zealot x3  
  92  8:12  Probe  
  93  8:19  Robotics Bay  
  93  8:20  Pylon  
  93  8:23  Nexus  
  93  8:28  Zealot x4  
  101  8:35  Zealot x2  
  101  8:41  Probe  
  106  8:44  Zealot x2  
  110  8:51  Probe  
  111  8:55  Zealot  
  111  8:56  Zealot x2  
  111  9:00  Pylon  
  117  9:08  Pylon  
  113  9:14  Zealot x3  
  117  9:18  Zealot x5  
  105  9:36  Zealot x3  
  95  9:43  Zealot x5  
  95  9:48  Probe  
  95  9:51  Probe  
  90  9:53  Shield Battery  
Tags
 
Composition
Blink Stalkers
League
Master
Matchup
PvT
Replay Pack
December 2023
Spawn Locations
Cross Positions
Strategy
Banshee Rush
Add a new tag
Caveats
  • Supply blocks, unpowered buildings, or Contaminate may cause inaccurate times.
  • Supply counts are checked every 10 seconds.